 Dungeon Crawl Stone Soup version 0.23.2-40-g277498a (webtiles) character file.

Game seed: 8031893636720332834

13051 Lorak the Cruncher (level 12, 0/91 HPs)
             Began as a Gnoll Wanderer on Oct 7, 2019.
             Was a Priest of Yredelemnul.
             Slain by a seven-headed hydra (8 damage)
             ... on level 3 of the Lair of Beasts.
             The game lasted 00:57:37 (17738 turns).

Lorak the Cruncher (Gnoll Wanderer)                Turns: 17738, Time: 00:57:37

Health: 0/91       AC: 10    Str: 13    XL:     12   Next: 2%
Magic:  21/22      EV: 17    Int: 22    God:    Yredelemnul [***...]
Gold:   824        SH:  0    Dex: 16    Spells: 16/24 levels left

rFire    + + .     SeeInvis .   z - +4 quarterstaff (chaos)
rCold    + . .     Gourm    .   (shield currently unavailable)
rNeg     . . .     Faith    .   x - +0 ring mail {rF+}
rPois    +         Spirit   .   (no helmet)
rElec    .         Reflect  .   A - +1 cloak
rCorr    .         Harm     .   (no gloves)
MR       +....                  N - +0 pair of boots
Stlth    +++.......             (no amulet)
HPRegen  0.25/turn              I - ring "Biddesuv" {rPois rF+ rC+}
MPRegen  0.18/turn              k - ring "Keop" {+Fly MR+ Dex+2}

@: no status effects
A: distributed training, fangs 1, strong nose
a: Recall Undead Slaves, Injury Mirror, Animate Dead, Renounce Religion, Evoke
Flight


You were on level 3 of the Lair of Beasts.
You worshipped Yredelemnul.
Yredelemnul was most pleased with you.
You were not hungry.

You visited 2 branches of the dungeon, and saw 13 of its levels.
You also visited: Ossuary.

You collected 824 gold pieces.

Inventory:

Hand Weapons
 z - a +4 quarterstaff of chaos (weapon)
Missiles
 b - 3 throwing nets (quivered)
Armour
 a - a scarf of spirit shield
 e - a scarf of cloud immunity
 x - a +0 ring mail of fire resistance (worn)
 A - a +1 cloak (worn)
 N - a +0 pair of boots (worn)
Jewellery
 k - the ring "Keop" (right hand) {+Fly MR+ Dex+2}
   (You found it on level 8 of the Dungeon)

   [ring of flight]

   It affects your dexterity (+2).
   It affects your resistance to hostile enchantments.
   It lets you fly.
 r - an uncursed ring of positive energy
 I - the ring "Biddesuv" (left hand) {rPois rF+ rC+}
   (You found it on level 10 of the Dungeon)

   [ring of protection from fire]

   It protects you from fire.
   It protects you from cold.
   It protects you from poison.
Wands
 v - a wand of paralysis (5)
 y - a wand of acid (3)
 E - a wand of polymorph (10)
 G - a wand of clouds (4)
 K - a wand of digging (4)
 L - a wand of iceblast (5)
 M - a wand of flame (14)
Scrolls
 g - 2 scrolls of enchant armour
 h - 2 scrolls of blinking
 i - 2 scrolls of fear
 j - 3 scrolls of remove curse
 n - 3 scrolls of enchant weapon
 o - a scroll of immolation {unknown}
 u - a scroll of teleportation
 B - a scroll of magic mapping
 C - 4 scrolls of identify
 D - 2 scrolls of noise {unknown}
 F - 2 scrolls of acquirement {unknown}
 J - a scroll of torment {unknown}
 O - a scroll of silence {unknown}
Potions
 c - 3 potions of ambrosia
 d - a potion of cancellation
 l - 5 potions of curing
 m - 3 potions of haste {unknown}
 p - a potion of might {unknown}
 q - 2 potions of magic
 s - 6 potions of brilliance
 t - 3 potions of invisibility {unknown}
 w - 2 potions of mutation {unknown}
 H - a potion of flight {unknown}
Comestibles
 f - 14 rations


   Skills:
 + Level 7.2 Fighting
 + Level 6.7 Short Blades
 + Level 6.7 Long Blades
 + Level 6.7 Axes
 + Level 6.7 Maces & Flails
 + Level 6.7 Polearms
 + Level 10.7 Staves
 + Level 6.7 Slings
 + Level 6.7 Bows
 + Level 6.7 Crossbows
 + Level 8.2 Throwing
 + Level 6.7 Armour
 + Level 9.4 Dodging
 + Level 6.7 Stealth
 + Level 6.7 Shields
 + Level 6.7 Unarmed Combat
 + Level 6.7 Spellcasting
 + Level 5.5 Conjurations
 + Level 5.5 Hexes
 + Level 5.5 Charms
 + Level 5.5 Summonings
 + Level 5.5 Necromancy
 + Level 5.5 Translocations
 + Level 5.5 Transmutations
 + Level 5.5 Fire Magic
 + Level 5.5 Ice Magic
 + Level 5.5 Air Magic
 + Level 5.5 Earth Magic
 + Level 5.5 Poison Magic
 + Level 7.3 Invocations
 + Level 6.7 Evocations


You had 16 spell levels left.
You knew the following spells:

 Your Spells              Type           Power        Failure   Level  Hunger
a - Mephitic Cloud        Conj/Pois/Air  ####....     4%          3    #......
b - Passwall              Tmut/Erth      ####....     2%          2    None
s - Ozocubu's Armour      Chrm/Ice       ####....     4%          3    #......

Your spell library contained the following spells:

 Spells                   Type           Power        Failure   Level  Hunger
 Flame Tongue             Conj/Fire      ####.        1%          1    None
 Freeze                   Ice            ####         1%          1    None
 Sandblast                Erth           ####..       1%          1    None
 Poisonous Vapours        Pois/Air       ####..       2%          2    None
 Throw Flame              Conj/Fire      ####..       2%          2    None
 Throw Frost              Conj/Ice       ####..       2%          2    None
 Conjure Flame            Conj/Fire      ####....     4%          3    #......
 Inner Flame              Hex/Fire       ####....     4%          3    #......
 Stone Arrow              Conj/Erth      ####..       4%          3    #......
 Petrify                  Tmut/Erth      ####....     16%         4    ###....
 Sticky Flame             Conj/Fire      ####....     16%         4    ###....
 Summon Ice Beast         Ice/Summ       ####....     16%         4    ###....
 Throw Icicle             Conj/Ice       ####....     16%         4    ###....
 Bolt of Magma            Conj/Fire/Erth ####......   41%         5    #####..
 Fireball                 Conj/Fire      ####......   41%         5    #####..
 Iskenderun's Battlesphe  Conj/Chrm      ####....     41%         5    #####..
 Lee's Rapid Deconstruct  Erth           ####......   41%         5    #####..
 Venom Bolt               Conj/Pois      ####......   41%         5    #####..
 Freezing Cloud           Conj/Ice/Air   ####......   94%         6    ######.
 Iron Shot                Conj/Erth      ####......   94%         6    ######.
 Orb of Destruction       Conj           ####......   100%        7    #######
 Ring of Flames           Chrm/Fire      ####......   100%        7    #######
 Spellforged Servitor     Conj/Summ      ####......   100%        7    #######


Dungeon Overview and Level Annotations

Branches:
Dungeon (10/15)            Temple (0/1) D:5            Lair (3/6) D:9
  Swamp: Lair:2-4    Shoals: Lair:2-4     Snake: Lair:2-4    Spider: Lair:2-4
    Orc: D:9-12

Altars:
Ashenzari
Cheibriados
Dithmenos
Fedhas
Gozag
Kikubaaqudgha
Makhleb
Okawaru
Ru
Trog
Uskayaw
Vehumet
Xom
Yredelemnul
Zin

Shops:
D:7 ?

Annotations:
D:5 1 runed translucent door, NgWn's ghost, novice NaWn


Innate Abilities, Weirdness & Mutations

Your experience applies equally to all skills.
You have very sharp teeth.
Your uncanny sense of smell can sniff out nearby items.


Message History

Evoke which item? (* to show all) (? for menu, Esc to quit)
Aiming: Corrosive Bolt
Press: ? - help, Shift-Dir - straight line, f/p - seven-headed hydra
Aim: a seven-headed hydra (heavily wounded, lightly drained)
The bolt of acid hits the seven-headed hydra!!
The seven-headed hydra is splashed with acid.
The seven-headed hydra is almost dead.
You barely miss the seven-headed hydra.
Your bite misses the seven-headed hydra.
The seven-headed hydra is almost dead.
The blink frog blinks!
The seven-headed hydra bites you!
* * * LOW HITPOINT WARNING * * *
The seven-headed hydra closely misses you.
The seven-headed hydra bites you!
* * * LOW HITPOINT WARNING * * *
The seven-headed hydra misses you.
The seven-headed hydra barely misses you.
The seven-headed hydra bites you!
You die...
Your body rises from the dead as a mindless zombie. ♣.♣... ##### # ♣.♣ ♣.♣.## ### ♣♣....♣ ♣...######.. .?...[.♣♣♣♣♣##........... ............♣#........P..
PP....

.......#......####
.PP...##.....##....###
...P.....#..#.....##
#.F...@..###....#
#....zD.........##
......F.##.........##
........##.#.#......#####
.......##..####..........
...F..# ##..###..........
.....P ##.#.#....#.#.P.
...... #P.##...........
...... #P..............


You could see a seven-headed hydra, 3 blink frogs and a friendly wight.

Vanquished Creatures
  2 two-headed ogres
  Pikel (D:7)
  An elephant (shapeshifter) (D:8)
  A black mamba (Lair:2)
  3 spiny frogs
  2 komodo dragons
  A troll (D:10)
  Prince Ribbit (D:6)
  2 blink frogs (Lair:2)
  2 hippogriffs
  A spriggan (shapeshifter) (D:10)
  2 wyverns (D:10)
  15 yaks
  Eustachio (D:5)
  A soldier ant (D:8)
  3 water moccasins
  3 porcupines
  A hornet zombie (D:8)
  3 orc warriors
  A sky beast (D:5)
  A slave (D:7)
  An ice beast (D:8)
  2 eyes of draining (D:10)
  A necrophage (D:9)
  2 ogres
  4 centaurs
  4 crocodiles
  6 elf zombies
  3 bullfrogs
  2 scorpions
  10 killer bees (D:10)
  3 crimson imps
  A howler monkey (D:5)
  3 centaur zombies
  An orc priest (D:7)
  2 bullfrog zombies (D:6)
  2 quasits
  2 centaur skeletons
  5 hounds
  5 human zombies (Ossuary)
  An iguana (D:7)
  2 jellies (D:5)
  Crazy Yiuf (D:6)
  A bullfrog skeleton (D:9)
  A human skeleton (D:5)
  5 orc wizards
  5 worker ants
  A killer bee zombie (D:10)
  2 hound skeletons
  3 mummies (Ossuary)
  A howler monkey zombie (D:6)
  A worker ant zombie (D:3)
  11 gnolls
  7 adders
  4 shadow imps
  An adder skeleton (D:7)
  4 worms
  3 dart slugs
  5 leopard geckos
  20 orcs
  2 ball pythons
  4 giant cockroaches
  5 goblins
  15 hobgoblins
  2 jackals (D:8)
  13 kobolds
  5 quokkas
  8 bats
  5 frilled lizards
  A jackal skeleton (D:4)
  4 orc skeletons (D:5)
  5 rats
  A butterfly (D:5)
256 creatures vanquished.

Vanquished Creatures (collateral kills)
  A komodo dragon (Lair:2)
  A wraith (D:10)
  2 swamp worms (Lair:2)
  2 water moccasins
  An ogre (D:10)
  A crocodile (D:9)
  2 bullfrogs (Lair:2)
  An electric eel (Lair:2)
  2 fungi (Lair:2)
  3 plants (D:9)
16 creatures vanquished.

Vanquished Creatures (others)
  A black mamba zombie (Lair:2)
  A soldier ant (D:8)
  A spiny frog zombie (Lair:2)
  3 yak zombies (D:9)
  A bullfrog skeleton (Lair:2)
  A porcupine zombie (Lair:3)
  2 killer bee zombies (D:10)
  2 crocodile zombies
  A crocodile skeleton (Lair:2)
  A worker ant zombie (D:9)
  A kobold zombie (D:10)
  A fungus (Lair:2)
  3 plants
19 creatures vanquished.

Grand Total: 291 creatures vanquished

Notes
Turn   | Place    | Note
-------+----------+-------------------------------------------
     0 | D:1      | Lorak the Gnoll Wanderer began the quest for the Orb.
     0 | D:1      | Lorak set off with the following items: a +0 quarterstaff,
                  | 3 throwing nets, a +0 leather armour, a potion of
                  | lignification, a ration
     0 | D:1      | Reached XP level 1. HP: 17/17 MP: 1/1
   201 | D:1      | Reached XP level 2. HP: 23/23 MP: 2/2
   925 | D:2      | Reached XP level 3. HP: 23/28 MP: 3/3
  1346 | D:2      | Reached skill level 1 in Invocations
  1815 | D:3      | Reached skill level 1 in Short Blades
  1815 | D:3      | Reached skill level 1 in Long Blades
  1815 | D:3      | Reached skill level 1 in Axes
  1815 | D:3      | Reached skill level 1 in Maces & Flails
  1815 | D:3      | Reached skill level 1 in Polearms
  1815 | D:3      | Reached skill level 1 in Slings
  1815 | D:3      | Reached skill level 1 in Bows
  1815 | D:3      | Reached skill level 1 in Crossbows
  1815 | D:3      | Reached skill level 1 in Armour
  1815 | D:3      | Reached skill level 1 in Stealth
  1815 | D:3      | Reached skill level 1 in Shields
  1815 | D:3      | Reached skill level 1 in Unarmed Combat
  1815 | D:3      | Reached skill level 1 in Spellcasting
  1815 | D:3      | Reached skill level 1 in Evocations
  1876 | D:3      | Noticed a scorpion
  2055 | D:3      | Reached XP level 4. HP: 33/34 MP: 5/5
  2108 | D:3      | Reached skill level 1 in Conjurations
  2108 | D:3      | Reached skill level 1 in Hexes
  2108 | D:3      | Reached skill level 1 in Charms
  2108 | D:3      | Reached skill level 1 in Summonings
  2108 | D:3      | Reached skill level 1 in Necromancy
  2108 | D:3      | Reached skill level 1 in Translocations
  2108 | D:3      | Reached skill level 1 in Transmutations
  2108 | D:3      | Reached skill level 1 in Fire Magic
  2108 | D:3      | Reached skill level 1 in Ice Magic
  2108 | D:3      | Reached skill level 1 in Air Magic
  2108 | D:3      | Reached skill level 1 in Earth Magic
  2108 | D:3      | Reached skill level 1 in Poison Magic
  2197 | D:3      | Found a shimmering altar of Xom.
  2199 | D:3      | Found a shimmering altar of Xom.
  2200 | D:3      | Found a shimmering altar of Xom.
  2200 | D:3      | Found a shimmering altar of Xom.
  2201 | D:3      | Found a shimmering altar of Xom.
  2204 | D:3      | Found a shimmering altar of Xom.
  2237 | D:3      | Reached XP level 5. HP: 29/40 MP: 6/6
  2659 | D:3      | Found a shadowy altar of Dithmenos.
  3634 | D:4      | Reached XP level 6. HP: 44/47 MP: 8/8
  3985 | D:4      | Reached skill level 5 in Throwing
  4304 | D:5      | Entered Level 5 of the Dungeon
  4471 | D:5      | Reached XP level 7. HP: 22/52 MP: 10/10
  4655 | D:5      | Found a sand-covered staircase.
  4675 | Ossuary  | Entered an ossuary
  5101 | Ossuary  | Reached skill level 9 in Staves
  5420 | Ossuary  | Reached XP level 8. HP: 47/60 MP: 12/12
  6225 | D:5      | Found a basalt altar of Yredelemnul.
  6364 | D:5      | Became a worshipper of Yredelemnul the Dark
  6636 | D:5      | Found a runed translucent door.
  6636 | D:5      | Noticed NgWn's ghost (novice NaWn)
  6659 | D:5      | Found a staircase to the Ecumenical Temple.
  6670 | D:5      | Noticed Eustachio
  6690 | D:5      | Killed Eustachio
  6752 | D:5      | Found a snail-covered altar of Cheibriados.
  7147 | D:6      | Noticed a two-headed ogre
  7249 | D:6      | Noticed Prince Ribbit
  7692 | D:6      | Reached XP level 9. HP: 55/66 MP: 14/14
  7809 | D:6      | Found a runed translucent door.
  7810 | D:6      | Noticed Crazy Yiuf
  7821 | D:6      | Killed Crazy Yiuf
  7961 | D:6      | Killed Prince Ribbit
  8103 | D:6      | Killed a two-headed ogre
  8103 | D:6      | Reached skill level 5 in Fighting
  8308 | D:7      | Reached * piety under Yredelemnul
  8448 | D:7      | Found Uloto Ulasch's Magic Scroll Shop.
  8499 | D:7      | Reached skill level 5 in Invocations
  8732 | D:7      | Found a bloodstained altar of Trog.
  8748 | D:7      | Noticed Pikel
  8792 | D:7      | Killed Pikel
  8792 | D:7      | Reached XP level 10. HP: 38/74 MP: 7/17
  9393 | D:7      | Found an iron altar of Okawaru.
  9553 | D:8      | Found a sacrificial altar of Ru.
  9657 | D:8      | Reached skill level 5 in Short Blades
  9657 | D:8      | Reached skill level 5 in Long Blades
  9657 | D:8      | Reached skill level 5 in Axes
  9657 | D:8      | Reached skill level 5 in Maces & Flails
  9657 | D:8      | Reached skill level 5 in Polearms
  9657 | D:8      | Reached skill level 5 in Slings
  9657 | D:8      | Reached skill level 5 in Bows
  9657 | D:8      | Reached skill level 5 in Crossbows
  9657 | D:8      | Reached skill level 5 in Armour
  9657 | D:8      | Reached skill level 5 in Stealth
  9657 | D:8      | Reached skill level 5 in Shields
  9657 | D:8      | Reached skill level 5 in Unarmed Combat
  9657 | D:8      | Reached skill level 5 in Spellcasting
  9657 | D:8      | Reached skill level 5 in Evocations
 10171 | D:8      | Got a fine jade ring
 10250 | D:8      | Identified the ring "Keop" {+Fly MR+ Dex+2} (You found it
                  | on level 8 of the Dungeon)
 10263 | D:8      | Reached skill level 10 in Staves
 10429 | D:8      | Found an opulent altar of Gozag.
 10430 | D:8      | Found a glowing silver altar of Zin.
 10800 | D:8      | Reached ** piety under Yredelemnul
 10875 | D:8      | Found a hide-covered altar of Uskayaw.
 11590 | D:8      | Noticed a glowing shapeshifter
 11590 | D:8      | a yak changed into a glowing shapeshifter
 11590 | D:8      | Noticed a water nymph
 11590 | D:8      | a glowing shapeshifter changed into a water nymph
 11592 | D:8      | Noticed an elephant
 11592 | D:8      | a water nymph changed into an elephant
 11599 | D:8      | Killed an elephant
 11935 | D:9      | Reached XP level 11. HP: 71/82 MP: 16/19
 12123 | D:9      | Found a shattered altar of Ashenzari.
 12194 | D:9      | Found an ancient bone altar of Kikubaaqudgha.
 12196 | D:9      | Found a blossoming altar of Fedhas.
 12224 | D:9      | Noticed a two-headed ogre
 12306 | D:9      | Killed a two-headed ogre
 12525 | D:9      | Found a staircase to the Lair.
 12689 | D:9      | Learned a level 3 spell: Mephitic Cloud
 12710 | D:9      | Found a radiant altar of Vehumet.
 12792 | D:9      | Found a burning altar of Makhleb.
 12792 | D:9      | Found a shimmering altar of Xom.
 13030 | D:10     | Entered Level 10 of the Dungeon
 13040 | D:10     | Reached skill level 5 in Conjurations
 13040 | D:10     | Reached skill level 5 in Hexes
 13040 | D:10     | Reached skill level 5 in Charms
 13040 | D:10     | Reached skill level 5 in Summonings
 13040 | D:10     | Reached skill level 5 in Necromancy
 13040 | D:10     | Reached skill level 5 in Translocations
 13040 | D:10     | Reached skill level 5 in Transmutations
 13040 | D:10     | Reached skill level 5 in Fire Magic
 13040 | D:10     | Reached skill level 5 in Ice Magic
 13040 | D:10     | Reached skill level 5 in Air Magic
 13040 | D:10     | Reached skill level 5 in Earth Magic
 13040 | D:10     | Reached skill level 5 in Poison Magic
 13473 | D:10     | Reached *** piety under Yredelemnul
 13601 | D:10     | Got a bound turquoise ring
 13603 | D:10     | Identified the ring "Biddesuv" {rPois rF+ rC+} (You found
                  | it on level 10 of the Dungeon)
 14467 | Lair:1   | Entered Level 1 of the Lair of Beasts
 14488 | Lair:1   | Noticed a six-headed hydra
 15434 | Lair:1   | Learned a level 3 spell: Ozocubu's Armour
 15446 | Lair:1   | You fall through a shaft!
 17011 | Lair:2   | Learned a level 2 spell: Passwall
 17710 | Lair:3   | Reached XP level 12. HP: 79/91 MP: 22/22
 17725 | Lair:3   | Noticed a seven-headed hydra
 17730 | Lair:3   | Received a gift from Yredelemnul (a wight)
 17738 | Lair:3   | Slain by a seven-headed hydra

Skill      XL: |  1  2  3  4  5  6  7  8  9 10 11 |
---------------+----------------------------------+-----
Invocations    | 1 2 3 4 5 6 7 |  7.3
Short Blades   | 1 2 3 4 5 6 |  6.7
Long Blades    | 1 2 3 4 5 6 |  6.7
Axes           | 1 2 3 4 5 6 |  6.7
Maces & Flails | 1 2 3 4 5 6 |  6.7
Polearms       | 1 2 3 4 5 6 |  6.7
Slings         | 1 2 3 4 5 6 |  6.7
Bows           | 1 2 3 4 5 6 |  6.7
Crossbows      | 1 2 3 4 5 6 |  6.7
Armour         | 1 2 3 4 5 6 |  6.7
Stealth        | 1 2 3 4 5 6 |  6.7
Shields        | 1 2 3 4 5 6 |  6.7
Unarmed Combat | 1 2 3 4 5 6 |  6.7
Spellcasting   | 1 2 3 4 5 6 |  6.7
Evocations     | 1 2 3 4 5 6 |  6.7
Conjurations   | 1 2 3 4 5 |  5.5
Hexes          | 1 2 3 4 5 |  5.5
Charms         | 1 2 3 4 5 |  5.5
Summonings     | 1 2 3 4 5 |  5.5
Necromancy     | 1 2 3 4 5 |  5.5
Translocations | 1 2 3 4 5 |  5.5
Transmutations | 1 2 3 4 5 |  5.5
Fire Magic     | 1 2 3 4 5 |  5.5
Ice Magic      | 1 2 3 4 5 |  5.5
Air Magic      | 1 2 3 4 5 |  5.5
Earth Magic    | 1 2 3 4 5 |  5.5
Poison Magic   | 1 2 3 4 5 |  5.5
Fighting       | 3 4 5 6 7 |  7.2
Throwing       | 5 6 7 8 |  8.2
Dodging        | 7 8 9 |  9.4
Staves         | 9 10 | 10.7

Action                   |  1- 3 |  4- 6 |  7- 9 | 10-12 || total
-------------------------+-------+-------+-------+-------++-------
Melee: Quarterstaff      |   135 |   181 |   476 |   468 ||  1260
       Bite              |    13 |    16 |    40 |    52 ||   121
 Cast: Mephitic Cloud    |       |       |       |     9 ||     9
Invok: Animate Dead      |       |       |       |    19 ||    19
       Animate Remains   |       |       |       |    10 ||    10
Evoke: Wand              |       |       |     5 |    11 ||    16
  Use: Scroll            |     2 |     8 |     7 |     1 ||    18
       Potion            |       |       |     5 |     4 ||     9
 Stab: Sleeping          |     1 |     6 |     3 |    11 ||    21
       Paralysed         |       |       |     5 |    10 ||    15
       Petrifying        |       |       |       |     2 ||     2
       Petrified         |       |       |       |     2 ||     2
       Confused          |       |       |       |    12 ||    12
       Distracted        |       |       |       |     5 ||     5
  Eat: Chunk             |     3 |     8 |     7 |    17 ||    35
       Ration            |       |       |     2 |     6 ||     8
Armor: Leather armour    |    26 |    22 |       |       ||    48
       Ring mail         |       |       |    92 |    72 ||   164
       Skin              |       |       |     3 |       ||     3
Dodge: Dodged            |    98 |   123 |   188 |   257 ||   666
